 Dungeon Crawl Stone Soup version 0.26.1-10-gdfb7c7de75 (webtiles) character file.

Game seed: 3430977052402413961

84 manyhoops the Ruffian (level 4, -2/38 HPs)
             Began as a Palentonga Transmuter on Apr 9, 2021.
             Slain by a worker ant (7 damage)
             ... on level 5 of the Dungeon.
             The game lasted 00:01:49 (2056 turns).

manyhoops the Ruffian (Palentonga Transmuter)       Turns: 2056, Time: 00:01:49

Health: -2/38      AC:  5    Str: 12 (15) XL:     4   Next: 24%
Magic:  7/7        EV: 10    Int: 11 (13) God:
Gold:   77         SH:  0    Dex:  9 (10) Spells: 6/7 levels left

rFire    . . .     SeeInvis +     - Unarmed
rCold    . . .     Faith    .   (no shield)
rNeg     . . .     Spirit   .   a - +0 robe
rPois    .         Reflect  .   (no helmet)
rElec    .         Harm     .   (no cloak)
rCorr    .         Rampage  .   i - +0 pair of gloves
Will     .....                  (no barding)
Stlth    +.........             (no amulet)
HPRegen  0.12/turn              (no ring)
MPRegen  0.10/turn              (no ring)

@: lethally poisoned (-2 -> -10)
A: large, rugged brown scales 3, see invisible, deformed body, roll 1, armoured
tail
a: Rolling Charge


You were on level 5 of the Dungeon.
You visited 1 branch of the dungeon, and saw 4 of its levels.

You collected 77 gold pieces.

Inventory:

Armour
 a - a +0 robe (worn)
 i - a +0 pair of gloves (worn)
Wands
 m - a wand of random effects (8)
Scrolls
 b - a scroll of teleportation
 c - a scroll of fog
 g - a scroll of amnesia
Potions
 e - a potion of curing {unknown}
 f - a potion of invisibility {unknown}
 j - a potion of might {unknown}
 k - a potion of brilliance {unknown}
 l - a potion of magic {unknown}


   Skills:
 * Level 2.1 Fighting
 - Level 1.5 Dodging
 + Level 4.7 Unarmed Combat
 - Level 2.0 Spellcasting
 - Level 2.0 Transmutations


You had 6 spell levels left.
You knew the following spells:

 Your Spells              Type           Power        Failure   Level
a - Beastly Appendage     Tmut           10%          13%         1

Your spell library contained the following spells:

 Spells                   Type           Power        Failure   Level
 Wereblood                Tmut           5%           19%         2
 Spider Form              Tmut/Pois      1%           50%         3
 Ice Form                 Ice/Tmut       3%           88%         4
 Blade Hands              Tmut           2%           98%         5


Dungeon Overview and Level Annotations

Branches:
Dungeon (3/15)

Altars:
Wu Jian


Innate Abilities, Weirdness & Mutations

You are completely covered in rugged brown scales. (AC +3, +7% HP)
You have supernaturally acute eyesight. (SInv)
Armour fits poorly on your strangely shaped body.
You can roll at nearby foes to attack.
You have a long armoured tail.


Message History

You tail-slap the worker ant, but do no damage.
The worker ant is heavily wounded.
The worker ant bites you.
* * * LOW HITPOINT WARNING * * *
You closely miss the worker ant.
The worker ant is heavily wounded.
You feel sick. The worker ant bites you.
* * * LOW HITPOINT WARNING * * *
You punch the worker ant!
The worker ant is almost dead.
The worker ant bites you.
* * * LOW HITPOINT WARNING * * *
You are lethally poisoned!
The worker ant poisons you!
It was a potion of degeneration.
There was something very wrong with that liquid.
You feel weakened.
You feel dopey.
You feel clumsy.
* * * LOW HITPOINT WARNING * * *
You feel sick. The worker ant bites you!
You die...

#.. #######
#... #.....#
#....#...?.#
#....#...B.#
#....####@.#
........#..#
........#..#
........'..#
........#..#
####....#..#
#....#..#
#....#..#
#....#..#


You could see a worker ant.

Vanquished Creatures
  Jessica (D:3)
  An adder (D:3)
  A worm (D:2)
  A dart slug (D:1)
  2 leopard geckos
  A giant cockroach (D:3)
  6 goblins
  6 hobgoblins
  5 kobolds (D:1)
  7 bats
  A frilled lizard (D:3)
  7 rats
39 creatures vanquished.

Notes
Turn   | Place    | Note
-------+----------+-------------------------------------------
     0 | D:1      | manyhoops the Palentonga Transmuter began the quest for the
                  | Orb.
     0 | D:1      | Reached XP level 1. HP: 17/17 MP: 3/3
   208 | D:1      | Reached XP level 2. HP: 23/24 MP: 5/5
  1036 | D:1      | Reached XP level 3. HP: 31/31 MP: 6/6
  1117 | D:1      | Reached skill level 4 in Unarmed Combat
  1710 | D:2      | You fall into a shaft and drop 1 floor!
  1720 | D:3      | Found an ornate altar of the Wu Jian Council.
  1939 | D:3      | Noticed Jessica
  1944 | D:3      | Killed Jessica
  1945 | D:3      | Reached XP level 4. HP: 37/38 MP: 5/7
  2022 | D:3      | You fall into a shaft and drop 2 floors!
  2022 | D:5      | Entered Level 5 of the Dungeon
  2056 | D:5      | Slain by a worker ant

Illustrated notes

Levels and vault maps discovered:
D:1:      amcnicky_arrival_gap_in_the_tavern_cellar, layout_loops_corners,
          bh_walls_and_bars
D:2:      layout_rooms, chequers_mini_garden
D:3:      layout_basic, amethyst_overflow_temple_binary,
          nicolae_overflow_crystal_walls, st_stairs_11, trog_wizard, uniq_robin,
          uniq_jessica
D:5:      minmay_chambers_of_threes, layout_gridville, serial_shops,
          nicolae_shop_trees, grunt_qazlal_clouds, uniq_edmund

Skill      XL: |  1  2  3 |
---------------+----------+-----
Unarmed Combat | 4 |  4.7
Fighting       | 2 |  2.1
Dodging        | |  1.5
Spellcasting   | |  2.0
Transmutations | |  2.0

Action                   |  1- 3 |  4- 6 || total
-------------------------+-------+-------++-------
Melee: Unarmed           |   105 |    12 ||   117
       Tailslap          |    12 |     1 ||    13
       Kick              |     4 |       ||     4
       Headbutt          |     2 |       ||     2
 Cast: Beastly Appendage |     6 |       ||     6
 Abil: Rolling Charge    |       |     1 ||     1
  Use: Scroll            |       |     3 ||     3
       Potion            |       |     1 ||     1
Armor: Robe              |    40 |     8 ||    48
Dodge: Dodged            |    46 |    12 ||    58
